 Dungeon Crawl Stone Soup version 0.27.1-33-g824d729ab1 (webtiles) character file.

Game seed: 12452081543599462300

1381 zeram the Cleaver (level 8, 0/64 HPs)
             Began as a Hill Orc Fighter on Dec 25, 2021.
             Slain by a gnoll shaman (4 damage)
             ... on level 6 of the Dungeon.
             The game lasted 00:08:44 (6036 turns).

zeram the Cleaver (Hill Orc Fighter)                Turns: 6036, Time: 00:08:44

Health: 0/64       AC: 11    Str: 20    XL:     8   Next: 67%
Magic:  8/8        EV:  4    Int:  9    God:
Gold:   169        SH: 12    Dex: 10    Spells: 1/7 levels left

rFire    . . .     SeeInvis .   a - +0 war axe
rCold    . . .     Faith    .   c - +2 kite shield
rNeg     . . .     Spirit   .   f - +0 plate armour
rPois    .         Reflect  .   (no helmet)
rElec    .         Harm     .   (no cloak)
rCorr    .         Rampage  .   (no gloves)
Will     .....                  (no boots)
Stlth    ..........             (no amulet)
HPRegen  0.20/turn              (no ring)
MPRegen  0.11/turn              (no ring)

@: no status effects
A: no striking features
a: no special abilities


You were on level 6 of the Dungeon.
You visited 1 branch of the dungeon, and saw 6 of its levels.

You collected 169 gold pieces.

Inventory:

Hand Weapons
 a - a +0 war axe (weapon)
Missiles
 e - 114 stones (quivered)
Armour
 b - a +0 scale mail
 c - a +2 kite shield (worn)
 f - a +0 plate armour (worn)
Wands
 h - a wand of iceblast (6)
 k - a wand of mindburst (10)
Potions
 g - a potion of flight


   Skills:
 - Level 3.6 Fighting
 + Level 9.4 Axes
 - Level 3.7 Armour
 + Level 1.8 Dodging
 + Level 6.8 Shields
 * Level 4.1 Summonings


You had one spell level left.
You knew the following spells:

 Your Spells              Type           Power      Damage    Failure   Level
a - Shadow Creatures      Summ           N/A        N/A       100%        6

Your spell library contained the following spells:

 Spells                   Type           Power      Damage    Failure   Level
 Summon Small Mammal      Summ           28%        N/A       99%         1
 Magic Dart               Conj           0%         1d3       100%        1
 Call Imp                 Summ           7%         N/A       100%        2
 Ensorcelled Hibernation  Hex/Ice        0%         N/A       100%        2
 Call Canine Familiar     Summ           7%         N/A       100%        3
 Ignite Poison            Fire/Tmut/Pois 0%         N/A       100%        3
 Mephitic Cloud           Conj/Pois/Air  0%         N/A       100%        3
 Spider Form              Tmut/Pois      0%         N/A       100%        3
 Summon Guardian Golem    Hex/Summ       3%         N/A       100%        3
 Bolt of Magma            Conj/Fire/Erth 0%         4d4       100%        5


Dungeon Overview and Level Annotations

Branches:
Dungeon (6/15)
 Temple: D:4-7

Altars:
Elyvilon
Sif Muna
Beogh

Shops:
D:2 :


Message History

You block the gnoll's attack.
The gnoll shaman hits you with a +3 whip of freezing.
The gnoll shaman freezes you.
You hit the gnoll shaman.
The gnoll shaman is almost dead.
You hit the black bear.
The gnoll hits you from afar with a +0 spear!
You block the black bear's attack. The black bear claws you. x2
The gnoll shaman mumbles some strange prayers to its god.
The gnoll shaman is healed somewhat.
You hit the gnoll shaman but do no damage.
The gnoll shaman is severely wounded.
You barely miss the black bear. You block the gnoll's attack.
The black bear bites you!
The black bear claws you but does no damage. x2
You block the gnoll's attack. You block the gnoll shaman's attack.
Unknown command.
Your shield and plate armour prevent you from hitting the gnoll shaman.
The gnoll shaman is heavily wounded.
You slash the black bear! You block the gnoll's attack.
The black bear bites you. The black bear claws you. x2
* * * LOW HITPOINT WARNING * * *
The gnoll shaman mumbles some strange prayers to its god.
The gnoll shaman is healed somewhat.
The gnoll completely misses you. The black bear bites you.
* * * LOW HITPOINT WARNING * * *
You block the black bear's attack. x2
Okay, then.
You aren't carrying any scrolls.
You aren't carrying any pieces of jewellery.
You slash the black bear!
You kill the black bear!
You hit the gnoll shaman but do no damage.
The gnoll hits you from afar with a +0 spear.
* * * LOW HITPOINT WARNING * * *
You block the gnoll shaman's attack. You block the gnoll's attack.
The gnoll shaman hits you with a +3 whip of freezing!
* * * LOW HITPOINT WARNING * * *
The gnoll shaman freezes you.
You die...

### .. ######.#
......# #.... ###
#?.)####.....
#...n@gg.....
#...######### #...#
#.# ######...# #.#
#........# #.#
#.#####..# #######.#
# #..# #.....#.#
##..# #.###.#.# #
##...###.###.#.#####
#


You could see a necrophage, a gnoll shaman and a gnoll (fast).

Vanquished Creatures
  A hornet (D:6)
  A sky beast (D:6)
  Duvessa (D:5)
  A black bear (D:6)
  A necrophage (D:4)
  2 phantoms
  Blork the orc (D:4)
  Dowan (D:5)
  A howler monkey (D:6)
  A centaur zombie (D:6)
  3 hounds
  2 jellies
  2 bullfrog skeletons (D:4)
  An orc priest (D:4)
  A centaur skeleton (D:6)
  An iguana (D:4)
  An orc wizard (D:4)
  A hound skeleton (D:5)
  A howler monkey skeleton (D:6)
  2 gnolls (D:6)
  11 adders
  2 ufetubi
  2 worms
  5 dart slugs
  12 orcs
  5 bats
  7 endoplasms
  3 giant cockroaches
  4 hobgoblins (D:1)
  4 jackals (D:3)
  5 quokkas
  5 ball pythons
  9 frilled lizards
  6 goblins
  5 kobolds
  6 rats
117 creatures vanquished.

Notes
Turn   | Place    | Note
-------+----------+-------------------------------------------
     0 | D:1      | zeram the Hill Orc Fighter began the quest for the Orb.
     0 | D:1      | Reached XP level 1. HP: 19/19 MP: 1/1
   149 | D:1      | Found a roughly hewn altar of Beogh.
   156 | D:1      | Reached skill level 3 in Axes
   156 | D:1      | Reached XP level 2. HP: 24/26 MP: 2/2
   192 | D:1      | Found a faded altar of an unknown god.
   674 | D:1      | Reached XP level 3. HP: 31/31 MP: 3/3
  1179 | D:2      | Reached skill level 4 in Axes
  1179 | D:2      | Reached skill level 1 in Summonings
  1179 | D:2      | Reached XP level 4. HP: 39/39 MP: 4/4
  1626 | D:2      | Found Boext's Book Shoppe.
  2160 | D:3      | Reached XP level 5. HP: 42/45 MP: 5/5
  3165 | D:3      | Reached skill level 5 in Axes
  3276 | D:4      | Noticed Blork the orc
  3284 | D:4      | Killed Blork the orc
  3285 | D:4      | Reached skill level 1 in Dodging
  3352 | D:4      | Reached XP level 6. HP: 51/51 MP: 6/6
  3544 | D:4      | Found a shimmering blue altar of Sif Muna.
  3676 | D:4      | Reached skill level 6 in Axes
  3718 | D:4      | Noticed a necrophage
  3725 | D:4      | Killed a necrophage
  3726 | D:4      | Reached skill level 5 in Shields
  3820 | D:4      | Reached XP level 7. HP: 45/57 MP: 7/7
  4299 | D:4      | Reached skill level 7 in Axes
  4523 | D:5      | Entered Level 5 of the Dungeon
  4523 | D:5      | Noticed Duvessa
  4523 | D:5      | Noticed Dowan
  4639 | D:5      | Killed Duvessa
  4642 | D:5      | Killed Dowan
  4789 | D:5      | Found a white marble altar of Elyvilon.
  5081 | D:5      | Learned a level 6 spell: Shadow Creatures
  5326 | D:6      | Reached skill level 8 in Axes
  5326 | D:6      | Reached XP level 8. HP: 47/64 MP: 8/8
  5550 | D:6      | Noticed a hornet
  5582 | D:6      | Killed a hornet
  5583 | D:6      | Reached skill level 9 in Axes
  6036 | D:6      | Slain by a gnoll shaman

Illustrated notes

Levels and vault maps discovered:
D:1:      scummos_arrival_hexagon, layout_loops_corners, serial_glass,
          glass_columns_c, glass_columns_a, glass_columns_a, glass_columns_a,
          glass_columns_a, glass_columns_a, glass_columns_c, glass_columns_b,
          glass_columns_a, glass_columns_a,
          hellmonk_ecumenical_altar_defaced_shrine,
          chequers_serial_rivers_micro_a
D:2:      cheibrodos_helix_gallery, layout_basic, serial_shops, shop_statue
D:3:      layout_basic
D:4:      layout_basic, lemuel_tele_altar, minmay_misc_feat_nine_boxes,
          ebering_dispersal_statue_hall, uniq_blork_the_orc
D:5:      layout_rooms, elyvilon_altar_3, uniq_duvessa
D:6:      layout_loops_ring

Skill      XL: |  1  2  3  4  5  6  7  8 |
---------------+-------------------------+-----
Axes           | 3 4 5 6 8 9 |  9.4
Summonings     | 1 2 3 4 |  4.1
Shields        | 4 5 6 |  6.8
Dodging        | 1 |  1.8
Fighting       | |  3.6
Armour         | |  3.7

Action                   |  1- 3 |  4- 6 |  7- 9 || total
-------------------------+-------+-------+-------++-------
Melee: War axe           |    90 |   170 |   178 ||   438
Evoke: Wand              |       |       |     1 ||     1
  Use: Scroll            |     2 |     4 |     4 ||    10
       Potion            |       |     1 |     7 ||     8
 Stab: Invisible         |       |       |     5 ||     5
Armor: Scale mail        |    54 |    32 |       ||    86
       Plate armour      |       |    43 |   115 ||   158
       Skin              |       |       |    19 ||    19
Dodge: Dodged            |    26 |    41 |    34 ||   101
Block: Kite shield       |    49 |    98 |   151 ||   298
